 Dungeon Crawl Stone Soup version 0.27.0-1-g7a089689b8 (webtiles) character file.

Game seed: 11799120194824449207

222 Froggeryz the Sneak (level 5, 0/54 HPs)
             Began as an Octopode Berserker on Aug 2, 2021.
             Was a Priest of Trog.
             Slain by an orc (7 damage)
             ... on level 4 of the Dungeon.
             The game lasted 00:03:02 (2971 turns).

Froggeryz the Sneak (Octopode Berserker)            Turns: 2971, Time: 00:03:03

Health: 0/54       AC:  1    Str: 16    XL:     5   Next: 99%
Magic:  5/5        EV: 13    Int: 10    God:    Trog [***...]
Gold:   109        SH:  0    Dex: 12    Spells: 4/4 levels left

rFire    . . .     SeeInvis .   a - +0 short sword
rCold    . . .     Faith    .   (no shield)
rNeg     . . .     Spirit   .   (helmet restricted)
rPois    +         Reflect  .   (no amulet)
rElec    .         Harm     .   i - ring of poison resistance
rCorr    .         Rampage  .   (no ring)
Will     ++...                  (no ring)
Stlth    ..........             (no ring)
HPRegen  1.18/turn              (no ring)
MPRegen  0.09/turn              (no ring)
                                (no ring)
                                (no ring)

@: berserking, strong-willed, regenerating, very quick
A: almost no armour, amphibious, 8 rings, camouflage 1, gelatinous body 1,
(nimble swimmer 1), tentacles
a: Renounce Religion, Berserk, Trog's Hand


You were on level 4 of the Dungeon.
You worshipped Trog.
Trog was most pleased with you.
You visited 1 branch of the dungeon, and saw 4 of its levels.

You collected 109 gold pieces.

Inventory:

Hand Weapons
 a - a +0 short sword (weapon)
Missiles
 j - 2 boomerangs (quivered)
Jewellery
 i - a ring of poison resistance (left tentacle)
Wands
 g - a wand of mindburst (18)
Scrolls
 b - 8 scrolls of identify {unknown}
 d - a scroll of blinking {unknown}
 f - a scroll of immolation
 h - a scroll of amnesia {unknown}
 k - a scroll of enchant weapon {unknown}
 l - a scroll of acquirement {unknown}
 m - a scroll of noise {unknown}
Potions
 c - a potion of lignification {unknown}
 e - a potion of cancellation {unknown}


   Skills:
 - Level 3.0 Fighting
 * Level 5.0 Short Blades
 - Level 3.0 Dodging
 * Level 5.5 Stealth


You had 4 spell levels left.
You didn't know any spells.
Your spell library was empty.

Dungeon Overview and Level Annotations

Branches:
Dungeon (4/15)
 Temple: D:4-7

Altars:
Xom

Annotations:
D:4 Edmund


Innate Abilities, Weirdness & Mutations

You cannot wear most types of armour.
You are amphibious.
You can wear up to eight rings at the same time.
Your skin changes colour to match your surroundings (Stealth+).
Your rubbery body absorbs attacks. (AC +1, EV +1)
((You are camouflaged near water. (Stealth+)))
You have tentacles for arms and can constrict up to eight enemies at once.


Message History

The orc wizard flickers and vanishes!
Deactivating autopickup; reactivate with Ctrl-A.
You hit the orc but do no damage. Your grab misses the orc.
Your squeeze misses the orc. The orc hits you with a +0 hand axe!
You closely miss the orc wizard. Your grab misses the orc wizard.
You squeeze the orc wizard.
The orc wizard is moderately wounded.
An orc comes into view. It is wielding a +0 club.
Your skin crawls.
You feel strong-willed.
The orc shouts!
The orc barely misses you.
The orc wizard hits you with a +0 dagger.
You hit the orc wizard but do no damage.
You grab the orc wizard. You squeeze the orc wizard.
The orc wizard is moderately wounded.
You constrict the orc wizard. Something hits you.
The orc hits you with a +0 hand axe.
The orc wizard hits you with a +0 dagger.
* * * LOW HITPOINT WARNING * * *
A red film seems to cover your vision as you go berserk!
You feel yourself moving faster!
You feel mighty!
You constrict the orc wizard. Something hits you.
* * * LOW HITPOINT WARNING * * *
The orc closely misses you.
The orc wizard hits you with a +0 dagger.
* * * LOW HITPOINT WARNING * * *
You puncture the orc wizard!
You kill the orc wizard!
Trog accepts your kill.
Trog appreciates your killing of a magic user.
Something hits you.
* * * LOW HITPOINT WARNING * * *
The orc closely misses you.
Your Short Blades skill increases to level 5!
You puncture something! You hit something. Something hits you.
* * * LOW HITPOINT WARNING * * *
The orc hits you with a +0 hand axe!
You die...

#.# ###.#..#
##.....##.# ##.#..# .
##.......#.####......
.##...................#
.'....................
#...o.....####.......
#.......# ##......
#o{...# ##..... #@).#
#..... ##'## #..... #.#
#.#... #.# #.#### ##.##
#.# ##...## #.# #.....#
#.# #####...##### #.#
............#####.#


You could see 2 orcs.

Vanquished Creatures
  Ijyb (D:3)
  Natasha (thrice) (D:3)
  An orc wizard (D:4)
  Robin (D:3)
  2 adders (D:3)
  A worm (D:3)
  A dart slug (D:2)
  4 bats
  3 endoplasms
  5 giant cockroaches
  14 goblins
  6 hobgoblins
  6 kobolds
  3 quokkas
  5 ball pythons
  4 frilled lizards
  4 rats
64 creatures vanquished.

Vanquished Creatures (others)
  3 fungi (D:3)
3 creatures vanquished.

Grand Total: 67 creatures vanquished

Notes
Turn   | Place    | Note
-------+----------+-------------------------------------------
     0 | D:1      | Froggeryz the Octopode Berserker began the quest for the
                  | Orb.
     0 | D:1      | Reached XP level 1. HP: 16/16 MP: 1/1
   187 | D:1      | Reached skill level 1 in Stealth
   393 | D:1      | Reached XP level 2. HP: 21/21 MP: 2/2
   531 | D:1      | Found a faded altar of an unknown god.
   601 | D:1      | Reached ** piety under Trog
   928 | D:2      | Reached XP level 3. HP: 26/26 MP: 3/3
  1642 | D:3      | Noticed Ijyb
  1655 | D:3      | Killed Ijyb
  1656 | D:3      | Reached XP level 4. HP: 13/31 MP: 4/4
  2255 | D:3      | Found a shimmering altar of Xom.
  2349 | D:3      | Noticed Robin
  2355 | D:3      | Killed Robin
  2361 | D:3      | Reached XP level 5. HP: 34/36 MP: 5/5
  2709 | D:3      | Noticed Natasha
  2716 | D:3      | Killed Natasha
  2716 | D:3      | Reached *** piety under Trog
  2779 | D:3      | Noticed Natasha
  2793 | D:3      | Killed Natasha
  2794 | D:3      | Reached skill level 5 in Stealth
  2883 | D:3      | Noticed Natasha
  2892 | D:3      | Killed Natasha
  2905 | D:4      | Noticed Edmund
  2970 | D:4      | Reached skill level 5 in Short Blades
  2971 | D:4      | Slain by an orc

Illustrated notes

Levels and vault maps discovered:
D:1:      dpeg_arrival_round_b, layout_loops_ring,
          hellmonk_ecumenical_altar_blasted
D:2:      layout_basic, grunt_ministairs_6
D:3:      layout_rooms, mainiacjoe_overflow_chevrons, uniq_ijyb, uniq_natasha,
          uniq_robin
D:4:      layout_loops_corners, lemuel_coloured_pillars_altar,
          grunt_dithmenos_smoke_and_mirrors, uniq_edmund

Skill      XL: |  1  2  3  4  5 |
---------------+----------------+-----
Stealth        | 1 2 3 4 5 |  5.5
Short Blades   | 4 5 |  5.0
Fighting       | |  3.0
Dodging        | |  3.0

Action                   |  1- 3 |  4- 6 || total
-------------------------+-------+-------++-------
Melee: Short sword       |    66 |    55 ||   121
       Tentacles         |    12 |     8 ||    20
       Constrict         |     8 |    17 ||    25
Throw: Boomerang         |       |     8 ||     8
Invok: Berserk           |     1 |     3 ||     4
       Trog's Hand       |       |     1 ||     1
  Use: Potion            |     3 |       ||     3
 Stab: Sleeping          |    15 |     3 ||    18
Armor: Skin              |       |     6 ||     6
Dodge: Dodged            |    29 |    24 ||    53
